 Dungeon Sprint DCSS version 0.31-a0-1591-g515db51633 (webtiles) character file.

Game seed: 2864126203268986111

1753 Conn the Thaumaturge (level 9, -3/51 HPs)
             Began as an Octopode Fire Elementalist on Jan 6, 2024.
             Was an Initiate of Sif Muna.
             Slain by a tentacle (21 damage)
             ... attached to a kraken
             ... in the Dungeon (Sprint II: "The Violet Keep of Menkaure").
             The game lasted 00:06:36 (466 turns).

Conn the Thaumaturge (Octopode Fire Elementalist)    Turns: 466, Time: 00:06:36

Health: -3/51      AC:  1    Str:  3    XL:     9   Next: 6%
Magic:  10/23      EV: 15    Int: 22    God:    Sif Muna [......]
Gold:   326        SH:  0    Dex:  9    Spells: 18/28 levels left

rFire   + + .        d - +8 falchion of Iwint {flame, rElec rF++ Str-4 Dex-3}
rCold   . . .        (no shield)
rNeg    . . .        (helmet restricted)
rPois   .            (no amulet)
rElec   +            (no ring)
rCorr   .            (no ring)
SInv    .            (no ring)
Will    .....        (no ring)
Stlth   ++++         (no ring)
HPRegen 0.28/turn    (no ring)
MPRegen 0.18/turn    (no ring)
                     (no ring)

%: no teleportation
@: no status effects
A: almost no armour, amphibious, 8 rings, camouflage 1, gelatinous body 1,
(nimble swimmer 1), tentacles
a: Renounce Religion


You were in the Dungeon.
You worshipped Sif Muna.
Sif Muna was noncommittal.
You visited 1 branch You collected 810 gold pieces.
You spent 484 gold pieces at shops.

Inventory:

Hand Weapons
 d - the +8 falchion of Iwint (weapon) {flame, rElec rF++ Str-4 Dex-3}
   (You bought it in a shop in the Dungeon)

   Str-4:     It affects your strength (-4).
   Dex-3:     It affects your dexterity (-3).
   rF++:      It greatly protects you from fire.
   rElec:     It insulates you from electricity.
 e - the +2 morningstar of Koxigh {drain, rN+ Dex+3 SInv}
   (You bought it in a shop in the Dungeon)

   Dex+3:     It affects your dexterity (+3).
   rN+:       It protects you from negative energy.
   SInv:      It lets you see invisible.
Potions
 a - 3 potions of magic
 b - a potion of curing


   Skills:
 - Level 8.1 Dodging
 - Level 5.0 Stealth
 - Level 1.3 Unarmed Combat
 * Level 10.4 Spellcasting
 * Level 10.4 Conjurations
 + Level 0.0 Hexes
 + Level 10.2 Fire Magic
 * Level 0.0 Invocations


You had 18 spell levels left.
You knew the following spells:

 Your Spells              Type           Power      Damage    Failure   Level
a - Foxfire               Conj/Fire      100%       2x1d9     1%          1
b - Scorch                Fire           100%       2d9       1%          2
c - Inner Flame           Hex/Fire       33%        N/A       2%          3
d - Flame Wave            Conj/Fire      54%        2d13      1%          4

Your spell library contained the following spells:

 Spells                   Type           Power      Damage    Failure   Level
 Volatile Blastmotes      Fire/Tloc      66%        2d15      2%          3


Dungeon Overview and Level Annotations

Branches:
Dungeon (1/1)

Altars:
Cheibriados
Dithmenos
Elyvilon
Fedhas
Gozag
Hepliaklqana
Kikubaaqudgha
Makhleb
Nemelex Xobeh
Okawaru
Qazlal
Ru
Sif Muna
Trog
Uskayaw
Vehumet
Wu Jian
Xom
Yredelemnul
Zin
The Shining One
Jiyva
Lugonu

Shops:
D !(:((=?=(?[:=[!

Annotations:
D exclusions: oklob plant and orange crystal statue


Innate Abilities, Weirdness & Mutations

You cannot wear most types of armour.
You are amphibious.
You can wear up to eight rings at the same time.
Your skin changes colour to match your surroundings (Stealth+).
Your rubbery body absorbs attacks. (AC +1, EV +1)
((You are camouflaged when in or above water. (Stealth+)))
You have tentacles for arms and can constrict up to eight enemies at once.


Message History

Found nine items.
Found 4 large rocks, a scroll labelled VUESETEBRA and 20 gold pieces.
There is a basalt altar of Yredelemnul here.
There is a shimmering blue altar of Sif Muna here.
You curl up in front of the altar of Sif Muna.
Sif Muna welcomes you!
There is a basalt altar of Yredelemnul here.
There is an open door here.
You enter the shallow water.
You enter the shallow water.
Found a sling and a scroll labelled VUESETEBRA.
Found ten items.
Found six items.
Found four items.
A kraken comes into view.
You open the door.
Found seven items.
Tentacles burst out of the water! 2 tentacles come into view.
There is an open door here.
Found six items.
You see here a scroll labelled GOAMITI OTEXISM.
Okay, then.
Unknown command.
Unknown command.
Unknown command.
Okay, then.
Unknown command.
Unknown command.
Casting: Flame Wave (dangerous; 1% risk of failure)
Confirm with . or Enter, or press ? or * to list all spells.
Okay, then.
Unknown command.
Okay, then.
Unknown command.
Unknown command.
The tentacle slaps you!!
* * * LOW HITPOINT WARNING * * *
You see here a scroll labelled FIRIRE FOYROMACI.
You feel much better. The tentacle slaps you! The tentacle slaps you!!
You die...

▓▓▓▓▓▓▓▓▓▓ ?[$($!$:▓▓
▓?:$|[??$▓▓ +.###
|▓[$?$([$$▓▓
...####▓($!)?(=$▓▓
#..##.#▓$:[$)?[!▓▓
+..#..#▓$?[!$)?$▓▓
#..#..#▓!$!??$$@▓▓
##..##.#▓!???(?w?▓▓
###...##▓▓▓▓▓▓▓│▓▓▓▓+▓
..§~~~~~~~~~~~~.\wX≈≈▓
..~#'########+###Vww≈▓
.§§#..._._._#l§~##≈≈≈▓
~.~#_._._._.#~§§§ ###▓
~~~#._._._._#~~~§
~~~#_._._._.#~~l§


You could see a kraken and 4 tentacles.

Vanquished Creatures
  A merfolk siren (D)
  A yaktaur (D)
  A hornet (D)
  3 polar bears (D)
  A vampire mosquito (D)
  Menkaure (D)
  A crocodile (D)
  4 scorpions (D)
  3 ribbon worms (D)
16 creatures vanquished.

Vanquished Creatures (others)
  16 foxfires (D)
16 creatures vanquished.

Grand Total: 32 creatures vanquished

Notes
Turn   | Place    | Note
-------+----------+-------------------------------------------
     0 | D        | Conn the Octopode Fire Elementalist began the quest for the
                  | Orb.
     0 | D        | Reached XP level 1. HP: 11/11 MP: 3/3
     1 | D        | Noticed a scorpion
     1 | D        | Noticed a scorpion
     1 | D        | Noticed a scorpion
     1 | D        | Noticed a scorpion
     8 | D        | Killed a scorpion
     9 | D        | Reached XP level 2. HP: 16/17 MP: 4/6
     9 | D        | Reached XP level 3. HP: 20/21 MP: 4/7
    10 | D        | Killed a scorpion
    11 | D        | Reached skill level 5 in Stealth
    11 | D        | Reached skill level 1 in Unarmed Combat
    11 | D        | Reached XP level 4. HP: 24/27 MP: 5/10
    13 | D        | Killed a scorpion
    14 | D        | Reached skill level 5 in Spellcasting
    14 | D        | Reached XP level 5. HP: 26/31 MP: 5/12
    17 | D        | Reached XP level 6. HP: 29/36 MP: 5/14
    45 | D        | Learned a level 2 spell: Scorch
    49 | D        | Learned a level 3 spell: Inner Flame
    54 | D        | Learned a level 4 spell: Flame Wave
    85 | D        | Noticed a boulder beetle
    85 | D        | Noticed a boulder beetle
    92 | D        | Noticed a merfolk siren
    97 | D        | Killed a merfolk siren
    98 | D        | Reached XP level 7. HP: 27/41 MP: 1/18
   208 | D        | Noticed an orange crystal statue
   211 | D        | Found Umakka's Distillery.
   212 | D        | Found Waofo's Jewellery Boutique.
   212 | D        | Found Ahoaz's Antique Armour Boutique.
   213 | D        | Found Yhot's Antique Armour Shop.
   213 | D        | Found Ekusoe Fozotz's Book Shop.
   214 | D        | Found Fahakkus's Antique Weapon Boutique.
   214 | D        | Found Kubolit's Magic Scroll Boutique.
   215 | D        | Found Foisugy's Magic Scroll Shop.
   216 | D        | Noticed a vampire mosquito
   217 | D        | Found Dasaq's Jewellery Shop.
   220 | D        | Killed a vampire mosquito
   221 | D        | Found Rykloritt's Jewellery Shop.
   221 | D        | Found Sysujaza's Antique Weapon Boutique.
   266 | D        | Noticed Menkaure
   271 | D        | Killed Menkaure
   272 | D        | Reached XP level 8. HP: 46/46 MP: 16/20
   276 | D        | Found Liemukk's Antique Weapon Shop.
   276 | D        | Noticed an oklob plant
   277 | D        | Found Hargh's Antique Weapon Shop.
   277 | D        | Found Kame's Distillery.
   277 | D        | Found Leopilun's Book Shoppe.
   291 | D        | Noticed a death yak
   301 | D        | Bought an iridescent falchion for 240 gold pieces
   301 | D        | Identified the +8 falchion of Iwint {flame, rElec rF++
                  | Str-4 Dex-3} (You bought it in a shop in the Dungeon)
   309 | D        | Bought an iridescent morningstar for 189 gold pieces
   309 | D        | Identified the +2 morningstar of Koxigh {drain, rN+ Dex+3
                  | SInv} (You bought it in a shop in the Dungeon)
   315 | D        | Bought a potion of heal wounds for 55 gold pieces
   356 | D        | Found a glowing golden altar of the Shining One.
   356 | D        | Found an ornate altar of the Wu Jian Council.
   385 | D        | Found a shimmering altar of Xom.
   385 | D        | Found a sacrificial altar of Ru.
   385 | D        | Found a stormy altar of Qazlal.
   386 | D        | Found a basalt altar of Yredelemnul.
   386 | D        | Found a shimmering blue altar of Sif Muna.
   386 | D        | Found a viscous altar of Jiyva.
   386 | D        | Found a hazy altar of Hepliaklqana.
   387 | D        | Found a glowing silver altar of Zin.
   387 | D        | Found a bloodstained altar of Trog.
   387 | D        | Found an ancient bone altar of Kikubaaqudgha.
   387 | D        | Found a snail-covered altar of Cheibriados.
   388 | D        | Found a hide-covered altar of Uskayaw.
   388 | D        | Found a corrupted altar of Lugonu.
   388 | D        | Found a shadowy altar of Dithmenos.
   389 | D        | Found a radiant altar of Vehumet.
   389 | D        | Found a burning altar of Makhleb.
   389 | D        | Found a white marble altar of Elyvilon.
   390 | D        | Found a sparkling altar of Nemelex Xobeh.
   390 | D        | Found a blossoming altar of Fedhas.
   391 | D        | Noticed a polar bear
   392 | D        | Found an iron altar of Okawaru.
   392 | D        | Found an opulent altar of Gozag.
   392 | D        | Noticed a hornet
   392 | D        | Noticed a polar bear
   396 | D        | Noticed a polar bear
   397 | D        | Noticed a yaktaur
   405 | D        | Killed a hornet
   406 | D        | Killed a polar bear
   406 | D        | Killed a polar bear
   406 | D        | Killed a polar bear
   407 | D        | Reached skill level 10 in Spellcasting
   407 | D        | Reached skill level 10 in Conjurations
   407 | D        | Reached skill level 10 in Fire Magic
   412 | D        | Killed a yaktaur
   413 | D        | Reached XP level 9. HP: 13/51 MP: 1/23
   444 | D        | Became a worshipper of Sif Muna the Loreminder
   459 | D        | Noticed a kraken
   466 | D        | Slain by a tentacle

Illustrated notes

Levels and vault maps discovered:
D:        the_violet_keep_of_menkaure [sprint2_stairs_cluster_1,
          sprint2_shoproom, sprint2_temple, sprint2_basic_supplies,
          sprint2_obstacle_4, sprint2_obstacle_6, sprint2_obstacle_5,
          sprint2_obstacle_7, sprint2_obstacle_2, sprint2_timed_cluster_1,
          sprint2_smallroom_cluster_1, sprint2_smallroom_final_cluster_1,
          sprint2_transparent_cluster_1, sprint2_second_timed_cluster_1,
          sprint2_sniper_area_1, sprint2_heavy_combat_area_1,
          sprint2_mutation_trap_area_1, sprint2_forest_area_1,
          sprint2_light_combat_area_1, sprint2_behind_water_1,
          sprint2_near_end_vault_1]

Skill      XL: |  1  2  3  4  5  6  7  8 |
---------------+-------------------------+-----
Dodging        | 3 4 6 7 8 |  8.1
Stealth        | 4 5 |  5.0
Spellcasting   | 3 4 5 7 8 10 | 10.4
Fire Magic     | 6 7 8 9 10 | 10.2
Unarmed Combat | 1 |  1.3
Conjurations   | 3 4 7 8 10 | 10.4

Action                     |  1- 3 |  4- 6 |  7- 9 || total
---------------------------+-------+-------+-------++-------
  Melee: Unarmed           |     7 |     6 |       ||    13
         Constrict         |     2 |     1 |     2 ||     5
         Tentacles         |     1 |     1 |     1 ||     3
         Falchion          |       |       |     6 ||     6
         Punch             |       |       |     1 ||     1
   Cast: Inner Flame       |       |     3 |     1 ||     4
         Scorch            |       |     2 |     6 ||     8
         Foxfire           |       |       |     9 ||     9
         Flame Wave        |       |       |     2 ||     2
    Use: Potion            |     2 |       |     2 ||     4
         Scroll            |       |       |     1 ||     1
   Stab: Sleeping          |       |       |     1 ||     1
 Armour: Skin              |     1 |     2 |     9 ||    12
  Dodge: Dodged            |     4 |     2 |     7 ||    13

Table legend: (Time is in decaauts)
 A = Elapsed time spent in this place.
 B = Non-inter-level travel time spent in this place.
 C = Inter-level travel time spent in this place.
 D = Time resting spent in this place.
 E = Time spent auto-exploring this place.
 F = Levels seen in this place.
 G = Mean time per level.
                   A        B        C        D        E       F      G
               +--------+--------+--------+--------+--------+-----+--------+
         Total |    461 |    461 |      0 |    179 |      0 |   1 |  461.0 |
       Dungeon |    461 |    461 |      0 |    179 |      0 |   1 |  461.0 |
               +--------+--------+--------+--------+--------+-----+--------+

Top non-repeatable levels by time:
       D: 461 daAuts
